cohdb
Replays
Latest Replays
All Replays
Popular Replays
Top Player Replays
Match Explorer
How It Works
Community
CoH3 Stats
Reddit
Sign in to upload your games and track your stats! →
Sign in with Steam
Match 45835478
Unlisted
Match 45835478
Overview
Messages
Build Orders
End
Panzergrenadier Squad
250 Light Carrier
Panzergrenadier Squad
Construct Light Support Kompanie
Panzerjäger Squad
Assault Grenadier Squad
2.5-tonne Medical Truck
Fire Support Elements
Flakvierling Half-track
Veteran Squad Leaders
Pak 38 Mechanized Group
Tungsten Core Ammunition
Selects Armored Support Battlegroup
Selects Veteran Gunners
Selects Salvage Kits
Selects Panzer Storm
Construct Panzerarmee Kommand
Jamoro
[PD] [9C] [FT] Claudius Tacitus
Artamoule
Nico-Nico-Nii~~
Rodey
lem22
jaws2005
Legionary
0
0
Comments
sign in to comment!
No comments posted yet!